 Dungeon Crawl Stone Soup version 0.30-a0-377-g5cb311bc9f (webtiles) character file.

Game seed: 12573783623022252041

513 SmokeWeed the Poker (level 7, -2/52 HPs)
             Began as a Merfolk Gladiator on Nov 28, 2022.
             Slain by a troll (7 damage)
             ... on level 5 of the Dungeon.
             The game lasted 00:12:17 (4108 turns).

SmokeWeed the Poker (Merfolk Gladiator)             Turns: 4108, Time: 00:12:17

Health: -2/52      AC: 10    Str: 15    XL:     7   Next: 20%
Magic:  7/7        EV:  7    Int:  9    God:
Gold:   267        SH:  4    Dex: 15    Spells: 6/6 levels left

rFire   . . .      SeeInvis .    a - +0 trident (chaos)
rCold   . . .      Faith    .    l - +0 buckler
rNeg    . . .      Spirit   .    f - +0 chain mail
rPois   .          Reflect  .    c - +0 helmet
rElec   .          Harm     .    (no cloak)
rCorr   .          Rampage  .    B - +0 pair of gloves
Will    .....                    (no boots)
Stlth   ..........               (no amulet)
HPRegen 0.28/turn                (no ring)
MPRegen 0.10/turn                (no ring)

@: no status effects
A: (nimble swimmer 2), mertail
a: no special abilities


You were on level 5 of the Dungeon.
You visited 1 branch of the dungeon, and saw 5 of its levels.

You collected 267 gold pieces.

Inventory:

Hand Weapons
 a - a +0 trident of chaos (weapon)
 o - a +2 sling of draining
 s - a +1 short sword of venom
 u - a +3 short sword
Missiles
 d - 3 throwing nets (quivered)
 e - a javelin
 n - 10 poisoned darts
 t - a boomerang
Armour
 c - a +0 helmet (worn)
 f - a +0 chain mail (worn)
 l - a +0 buckler (worn)
 y - a +2 robe of the Archmagi
 B - a +0 pair of gloves (worn)
Jewellery
 j - an amulet of the acrobat
 w - an amulet of faith
Scrolls
 k - a scroll of immolation {unknown}
 p - 2 scrolls of teleportation
 r - a scroll of poison {unknown}
 x - a scroll of enchant weapon {unknown}
 A - a scroll of identify {unknown}
Potions
 g - a potion of berserk rage {unknown}
 h - a potion of magic {unknown}
 i - a potion of curing {unknown}
 m - 4 potions of heal wounds {unknown}
 q - a potion of might {unknown}
 v - 2 potions of invisibility {unknown}
 z - a potion of ambrosia {unknown}


   Skills:
 + Level 3.2 Fighting
 + Level 6.4 Polearms
 + Level 3.5 Ranged Weapons
 + Level 2.2 Throwing
 + Level 1.3 Armour
 + Level 5.0 Dodging
 + Level 0.9 Shields


You had 6 spell levels left.
You didn't know any spells.
Your spell library contained the following spells:

 Spells                   Type           Power      Damage    Failure   Level
 Magic Dart               Conj           0%         1d3       100%        1
 Call Imp                 Summ           0%         N/A       100%        2
 Mephitic Cloud           Conj/Pois/Air  0%         N/A       100%        3
 Vhi's Electric Charge    Tloc/Air       0%         N/A       100%        3
 Arcjolt                  Conj/Air       0%         1d10      100%        5
 Maxwell's Capacitive Co  Air            0%         ∞         100%        8


Dungeon Overview and Level Annotations

Branches:
Dungeon (5/15)
 Temple: D:4-7

Altars:

Annotations:
D:3 Grinder, Terence


Innate Abilities, Weirdness & Mutations

((You are very nimble when in or above water. (Stealth+, EV+, Speed+++)))
Your lower body shifts to a powerful aquatic tail in water.


Message History

The iguana seems less drained.
The hound bites you but does no damage. You block the hound's attack.
The hound bites you but does no damage.
You shoot a sling bullet. The sling bullet misses the hound.
The sling bullet barely misses the quokka.
The hound barely misses you. The hound bites you. x2
You shoot a sling bullet.
The sling bullet barely misses the hound.
The sling bullet barely misses the quokka.
The hound bites you but does no damage. The hound completely misses you.
You shoot a sling bullet. The sling bullet hits the hound.
You kill the hound!
You shoot a sling bullet.
The sling bullet closely misses the troll.
The troll barely misses you. The troll claws you! You block the troll's attack.
You shoot a sling bullet.
The sling bullet barely misses the troll.
The troll barely misses you.
The troll claws you but does no damage. x2
A scorpion comes into view.
The troll bites you but does no damage. The troll claws you but does no damage.
The troll claws you!
The scorpion moves out of view.
Your +0 trident of chaos is briefly surrounded by a scintillating aura of random colours.
a - a +0 trident of chaos (weapon)
The troll bites you but does no damage. The troll claws you but does no damage.
The troll claws you.
Sorry, you're not good enough to have a special ability.
You hit the troll but do no damage. You drain the troll.
The troll is lightly wounded.
The troll completely misses you. The troll closely misses you.
The troll barely misses you.
You hit the troll but do no damage.
The troll is lightly wounded.
The troll barely misses you. The troll claws you!
* * * LOW HITPOINT WARNING * * *
The troll barely misses you.
You barely miss the troll. You block the troll's attack. x2
The troll barely misses you.
You closely miss the troll. The troll bites you!
* * * LOW HITPOINT WARNING * * *
The troll claws you but does no damage. The troll claws you!
You die...

.........#####..# ##..
....##.....#.#..#####.
...#..##......##....# #.
##...................####
.....##......#...##...###
#............#....###...#
#.....##.#..#..#...##...
..#...###....#.....#....#
.......#@(...)....##...##
#rT####.#.####..###
#.....l# .........##
..#.....# ...#......#####
........# ..#..#.##.##.#
#.......# .#...........
.#....).. #...........
..#...... ......###.##.
......... ...... #.###


You could see a troll (drained), an iguana and a quokka.

Vanquished Creatures
  A phantom (D:4)
  Blork the orc (D:5)
  3 hounds
  Natasha (thrice) (D:2)
  2 iguanas (D:4)
  6 adders
  An ufetubus (D:4)
  A worm (D:3)
  5 dart slugs
  11 orcs
  2 bats
  4 endoplasms
  7 giant cockroaches
  10 goblins
  6 hobgoblins
  2 quokkas
  4 ball pythons
  6 frilled lizards (D:1)
  7 kobolds
  3 rats
85 creatures vanquished.

Notes
Turn   | Place    | Note
-------+----------+-------------------------------------------
     0 | D:1      | SmokeWeed the Merfolk Gladiator began the quest for the
                  | Orb.
     0 | D:1      | Reached XP level 1. HP: 16/16 MP: 1/1
   131 | D:1      | Reached XP level 2. HP: 19/22 MP: 2/2
   310 | D:1      | Reached XP level 3. HP: 28/28 MP: 3/3
   987 | D:2      | Reached skill level 5 in Polearms
  1010 | D:2      | Reached XP level 4. HP: 34/34 MP: 4/4
  1252 | D:2      | Noticed Natasha
  1263 | D:2      | Killed Natasha
  1264 | D:2      | Reached skill level 6 in Polearms
  1264 | D:2      | Reached XP level 5. HP: 35/39 MP: 5/5
  1647 | D:2      | Noticed Natasha
  1662 | D:2      | Killed Natasha
  1870 | D:2      | Noticed Natasha
  1876 | D:2      | Killed Natasha
  1877 | D:2      | Reached skill level 1 in Ranged Weapons
  2195 | D:3      | Noticed Grinder
  2198 | D:3      | Noticed Terence
  2305 | D:4      | Reached skill level 1 in Armour
  2305 | D:4      | Reached XP level 6. HP: 44/46 MP: 6/6
  2489 | D:4      | Reached skill level 5 in Dodging
  3465 | D:5      | Entered Level 5 of the Dungeon
  3553 | D:5      | Noticed Blork the orc
  3568 | D:5      | Killed Blork the orc
  3569 | D:5      | Reached XP level 7. HP: 14/52 MP: 7/7
  4093 | D:5      | Noticed a troll
  4108 | D:5      | Slain by a troll

Illustrated notes

Levels and vault maps discovered:
D:1:      lightli_arrival_statue_moat, layout_basic, st_stairs_3,
          due_unseen_surprise
D:2:      layout_basic, minmay_tetromino_o2, uniq_natasha
D:3:      layout_basic, gup_sewer_entry_spiral,
          dreamdust_ecumenical_altar_statues, chequers_serial_rivers_room_a,
          uniq_grinder, uniq_terence
D:4:      layout_loops_ring, minmay_box_of_dots
D:5:      cheibrodos_fzero, layout_layer_cave, mainiacjoe_overflow_boulevard,
          hangedman_abyss_or_decor_passed, water_boxes_lemuel,
          uniq_blork_the_orc

Skill      XL: |  1  2  3  4  5  6 |
---------------+-------------------+-----
Polearms       | 5 6 |  6.4
Ranged Weapons | 2 3 |  3.5
Armour         | 1 |  1.3
Fighting       | 3 |  3.2
Dodging        | 5 |  5.0
Throwing       | |  2.2
Shields        | |  0.9

Action                   |  1- 3 |  4- 6 |  7- 9 || total
-------------------------+-------+-------+-------++-------
Melee: Trident           |   131 |    51 |     4 ||   186
 Fire: Sling             |       |   129 |    20 ||   149
  Use: Scroll            |     2 |     3 |       ||     5
 Stab: Sleeping          |     1 |       |       ||     1
Armor: Leather armour    |     8 |       |       ||     8
       Chain mail        |    52 |    92 |    29 ||   173
Dodge: Dodged            |    44 |    49 |    16 ||   109
Block: Buckler           |       |    23 |    10 ||    33

Table legend: (Time is in decaauts)
 A = Elapsed time spent in this place.
 B = Non-inter-level travel time spent in this place.
 C = Inter-level travel time spent in this place.
 D = Time resting spent in this place.
 E = Time spent auto-exploring this place.
 F = Levels seen in this place.
 G = Mean time per level.
                   A        B        C        D        E       F      G
               +--------+--------+--------+--------+--------+-----+--------+
         Total |   4239 |   4075 |    164 |    862 |   2457 |   5 |  847.8 |
       Dungeon |   4239 |   4075 |    164 |    862 |   2457 |   5 |  847.8 |
               +--------+--------+--------+--------+--------+-----+--------+

Top non-repeatable levels by time:
     D:4: 1317 daAuts
     D:2: 1134 daAuts
     D:1: 922 daAuts
     D:5: 676 daAuts
     D:3: 189 daAuts
